 Dungeon Crawl Stone Soup version 0.13.0-17-g5f0e85f (webtiles) character file.

238 MDvedh the Magician (level 4, -3/22 HPs)
             Began as a Deep Elf Wizard on Oct 21, 2013.
             Shot with a stone by a big kobold (10 damage)
             ... on Level 3 of the Dungeon.
             The game lasted 00:13:39 (3717 turns).

MDvedh the Magician (Deep Elf Wizard)               Turns: 3717, Time: 00:13:39

HP  -3/22        AC  2     Str  5      XL: 4   Next: 70%
MP   1/16        EV 13     Int 23      God:
Gold 122         SH  0     Dex 13      Spells:  5 memorised,  1 level left

Res.Fire  : . . .   See Invis. : .   (no weapon)
Res.Cold  : . . .   Warding    : .   a - +0 elf robe
Life Prot.: . . .   Conserve   : .   (no shield)
Res.Poison: .       Res.Corr.  : .   b - +0 elf wizard hat
Res.Elec. : .       Clarity    : .   (no cloak)
Sust.Abil.: + .     Spirit.Shd : .   (no gloves)
Res.Mut.  : .       Stasis     : .   (no boots)
Res.Rott. : .       Flight     : .   (no amulet)
Saprovore : . . .                    (no ring)
                                     g - ring of sustain abilities

@: slightly resistant to hostile enchantments, fairly stealthy
A: no striking features
a: no special abilities


You were on level 3 of the Dungeon.
You were not hungry.

You visited 1 branch of the dungeon, and saw 3 of its levels.

You collected 102 gold pieces.

Inventory:

Missiles
 m - 4 darts (quivered)
Armour
 a - a +0 elven robe (worn)
 b - a +0 elven wizard hat (worn)
Magical devices
 d - a wand of slowing (11)
Comestibles
 j - 12 grapes
 t - an apple
 v - 3 bread rations
Scrolls
 e - a scroll of fear {unknown}
 f - a scroll of blinking {unknown}
 h - a scroll of random uselessness {unknown}
 p - 2 scrolls of recharging {unknown}
 q - 3 scrolls of fog {unknown}
 r - a scroll of remove curse {unknown}
 s - a scroll of magic mapping {unknown}
Jewellery
 g - a ring of sustain abilities (left hand)
Potions
 i - a potion of restore abilities
 k - a potion of curing
 l - a potion of invisibility {unknown}
 u - a potion of brilliance
Books
 c - a book of Minor Magic

   Spells                             Type                      Level
   *Magic Dart                        Conjuration                  1
   *Blink                             Translocation                2
   Call Imp                           Summoning                    2
   *Repel Missiles                    Charms/Air                   2
   Slow                               Hexes                        2
   *Conjure Flame                     Conjuration/Fire             3
   *Mephitic Cloud                    Conjuration/Poison/Air       3


   Skills:
 - Level 2.7 Dodging
 - Level 2.8 Stealth
 - Level 4.6 Spellcasting
 - Level 3.0 Conjurations
   Level 1.1 Summonings
 - Level 1.1 Translocations
 - Level 2.0 Air Magic
 + Level 2.1 Poison Magic


You had one spell level left.
You knew the following spells:

 Your Spells              Type           Power        Failure   Level  Hunger
a - Magic Dart            Conj           ###.         2%          1    None
b - Blink                 Tloc           N/A          12%         2    None
c - Repel Missiles        Chrm/Air       #.........   12%         2    None
d - Mephitic Cloud        Conj/Pois/Air  ###.....     12%         3    ##.....
e - Conjure Flame         Conj/Fire      ##......     17%         3    ##.....


Dungeon Overview and Level Annotations

Branches:
Dungeon (3/27)

Altars:


Message History

The stone hits you!
Casting: Magic Dart
Confirm with . or Enter, or press ? or * to list all spells.
Aiming: Mephitic Cloud
Press: ? - help, Shift-Dir - straight line, p - big kobold The beam explodes into a vile cloud!
The stinking cloud engulfs the big kobold.
The big kobold is lightly wounded.
The big kobold shoots a stone.
The stone misses you.
A kobold comes into view. It is wielding an orcish club.
The kobold shouts!
The big kobold shoots a stone.
The stone hits you!
A gnoll comes into view. It is wielding a spear.
You see here a stone.
Unknown command.
Unknown command.
Unknown command.
Unknown command.
The big kobold shoots a stone.
The stone hits you!
You die...

.≈.)..≈.≈.≈≈≈≈..≈.(...≈≈≈.≈≈
≈≈≈≈≈≈≈≈≈≈≈≈≈≈≈≈≈(....≈≈≈≈≈≈
≈≈≈≈≈≈≈≈≈≈≈≈≈≈≈≈.(...≈≈≈≈≈≈≈
≈≈≈≈≈≈≈≈≈≈≈≈≈≈≈≈≈)...≈≈≈≈≈≈≈
##################''#############
..g.....#...... #....#.......#...
.....%..%.......#....#.......'..)
.%......#########...(#########...
#####.()(......#@.....#..........
#.)...K.§K§'(.....(..).......
#####...g.....§#......#......)...
........#########....#########...
........).......#....#.......'...
........#.......#....#.......#...
#################################


You could see a big kobold and a kobold.

Vanquished Creatures
  2 adders (D:2)
  2 worms
  3 giant geckos
  An ooze (D:3)
  3 giant cockroaches
  5 hobgoblins
  9 jackals
  37 kobolds
  2 ball pythons
  4 bats
  2 giant newts
  7 goblins
  4 rats
81 creatures vanquished.

Notes
Turn   | Place    | Note
--------------------------------------------------------------
     0 | D:1      | MDvedh, the Deep Elf Wizard, began the quest for the Orb.
     0 | D:1      | Reached XP level 1. HP: 8/8 MP: 7/7
   311 | D:1      | Reached XP level 2. HP: 13/13 MP: 4/10
   320 | D:1      | Learned a level 2 spell: Blink
   323 | D:1      | Learned a level 2 spell: Repel Missiles
  1314 | D:2      | Reached XP level 3. HP: 17/17 MP: 3/13
  1468 | D:2      | Learned a level 3 spell: Mephitic Cloud
  1472 | D:2      | Learned a level 3 spell: Conjure Flame
  1534 | D:2      | Reached skill level 1 in Air Magic
  2590 | D:3      | Reached XP level 4. HP: 22/22 MP: 9/16
  3008 | D:3      | Reached skill level 1 in Poison Magic
  3193 | D:3      | Noticed a big kobold
  3717 | D:3      | Shot with a stone by a big kobold

Action                   |  1- 3 |  4- 6 || total
-------------------------+-------+-------++-------
Melee: Unarmed           |     3 |       ||     3
 Cast: Magic Dart        |    99 |    81 ||   180
       Blink             |     2 |       ||     2
       Conjure Flame     |     1 |       ||     1
       Mephitic Cloud    |       |    11 ||    11
  Use: Scroll            |       |     3 ||     3
       Potion            |       |     2 ||     2
